TOP OF THE 1ST |
---|
Buchanan HS batting - Pitching for Newport News HS Paints : RHP Dave O'Higgins | Pitching: RHP Dave O'Higgins | | Batting: RHB Richard Franco | 0-0: Ball 1-0: Swinging Strike 1-1: Swinging Strike 1-2: Strikes out looking | Batting: LHB Franklin Jackson | 0-0: DOUBLE (Line Drive, 7LD) | Batting: RHB Anthony Moore | 0-0: Swinging Strike 0-1: Swinging Strike 0-2: Strikes out swinging, 2-3 out at first. | Batting: RHB William Pérez | 0-0: Called Strike 0-1: Fly out, F9 (Flyball, 9D) | Top of the 1st over - 0 runs, 1 hit, 0 errors, 1 left on base; Buchanan HS 0 - Newport News HS 0 | BOTTOM OF THE 1ST |
---|
Newport News HS Paints batting - Pitching for Buchanan HS : RHP Walt Wall | Pitching: RHP Walt Wall | | Batting: RHB John Graham | 0-0: Ball 1-0: Ground out 3-1 (Groundball, 34) | Batting: RHB James Calderón | 0-0: Called Strike 0-1: Swinging Strike 0-2: Ball 1-2: Ground out 5-3 (Groundball, 56S) | Batting: RHB Steve Cooper | 0-0: Swinging Strike 0-1: Foul Ball, location: 2F 0-2: Strikes out looking | Bottom of the 1st over - 0 runs, 0 hits, 0 errors, 0 left on base; Buchanan HS 0 - Newport News HS 0 | TOP OF THE 2ND |
---|
Buchanan HS batting - Pitching for Newport News HS Paints : RHP Dave O'Higgins | Batting: LHB Edgar Cameron | 0-0: Foul Ball, location: 2F 0-1: Ball 1-1: Ground out 4-3 (Groundball, 4) | Batting: LHB José Martínez | 0-0: Called Strike 0-1: Foul Ball, location: 2F 0-2: Foul Ball, location: 2F 0-2: Ball 1-2: Ball 2-2: Ball 3-2: Foul Ball, location: 2F 3-2: Strikes out swinging | Batting: RHB Tom Ross | 0-0: Foul Ball, location: 2F 0-1: Foul Ball, location: 2F 0-2: Foul Ball, location: 2F 0-2: Foul Ball, location: 2F 0-2: SINGLE (Line Drive, 78S) | Batting: LHB David Guillén | 0-0: Ball 1-0: Called Strike 1-1: Ball 2-1: Ground out U3 (Groundball, 3) | Top of the 2nd over - 0 runs, 1 hit, 0 errors, 1 left on base; Buchanan HS 0 - Newport News HS 0 | BOTTOM OF THE 2ND |
---|
Newport News HS Paints batting - Pitching for Buchanan HS : RHP Walt Wall | Batting: RHB Pete Clark | 0-0: Swinging Strike 0-1: Called Strike 0-2: Strikes out swinging | Batting: SHB Carlos Matos | 0-0: Called Strike 0-1: Ball 1-1: Ball 2-1: SINGLE (Line Drive, 89S) | Batting: LHB Juan Ángel | 0-0: Ball 1-0: Ball 2-0: Ball 3-0: Base on Balls Carlos Matos to second | Batting: RHB Lee Boswell | 0-0: Called Strike 0-1: Called Strike 0-2: Strikes out swinging | Batting: RHB Jorge Paredes | 0-0: Ball 1-0: Ball 2-0: Ball 3-0: Base on Balls Carlos Matos to third Juan Ángel to second | Batting: SHB Francisco Reyes | 0-0: Foul Ball, location: 2F 0-1: Called Strike 0-2: Ball 1-2: Ball 2-2: Strikes out swinging | Bottom of the 2nd over - 0 runs, 1 hit, 0 errors, 3 left on base; Buchanan HS 0 - Newport News HS 0 | TOP OF THE 3RD |
---|
Buchanan HS batting - Pitching for Newport News HS Paints : RHP Dave O'Higgins | Batting: RHB Len Valadez | 0-0: Ball 1-0: Called Strike 1-1: Foul Ball, location: 2F 1-2: Ball 2-2: Ball 3-2: Base on Balls | Batting: RHB Richard Franco | 0-0: Called Strike 0-1: Fly out, F8 (Flyball, 8LD) | Batting: LHB Franklin Jackson | 0-0: Called Strike Len Valadez is caught stealing 2nd base 0-1: Swinging Strike 0-2: Foul Ball, location: 2F 0-2: Fly out, F5 (Popup, 5F) | Top of the 3rd over - 0 runs, 0 hits, 0 errors, 0 left on base; Buchanan HS 0 - Newport News HS 0 | BOTTOM OF THE 3RD |
---|
Newport News HS Paints batting - Pitching for Buchanan HS : RHP Walt Wall | Batting: RHB John Graham | 0-0: Ball 1-0: Called Strike 1-1: SOLO HOME RUN (Flyball, 7D), Distance : 383 ft | Batting: RHB James Calderón | 0-0: Ball 1-0: Called Strike 1-1: Foul Ball, location: 2F 1-2: Ball 2-2: Fly out, F9 (Flyball, 9) | Batting: RHB Steve Cooper | 0-0: Fly out, F9 (Flyball, 89D) | Batting: RHB Pete Clark | 0-0: Ball 1-0: Swinging Strike 1-1: Fly out, F9 (Flyball, 9D) | Bottom of the 3rd over - 1 run, 1 hit, 0 errors, 0 left on base; Buchanan HS 0 - Newport News HS 1 | TOP OF THE 4TH |
---|
Buchanan HS batting - Pitching for Newport News HS Paints : RHP Dave O'Higgins | Batting: RHB Anthony Moore | 0-0: Ground out 1-3 (Groundball, 13S) | Batting: RHB William Pérez | 0-0: Ball 1-0: Ball 2-0: Fly out, F9 (Flyball, 89D) | Batting: LHB Edgar Cameron | 0-0: Ball 1-0: Called Strike 1-1: Foul Ball, location: 2F 1-2: Fly out, F9 (Flyball, 9) | Top of the 4th over - 0 runs, 0 hits, 0 errors, 0 left on base; Buchanan HS 0 - Newport News HS 1 | BOTTOM OF THE 4TH |
---|
Newport News HS Paints batting - Pitching for Buchanan HS : RHP Walt Wall | Batting: SHB Carlos Matos | 0-0: Ball 1-0: Swinging Strike 1-1: Ball 2-1: Swinging Strike 2-2: Ground out 3-1 (Groundball, 34S) | Batting: LHB Juan Ángel | 0-0: Ball 1-0: SINGLE (Line Drive, 3L) | Batting: RHB Lee Boswell | 0-0: Foul Ball, location: 2F 0-1: Ball 1-1: Swinging Strike 1-2: Strikes out looking | Batting: RHB Jorge Paredes | 0-0: Ball 1-0: Foul Ball, location: 2F 1-1: Called Strike 1-2: Foul Ball, location: 2F 1-2: Fly out, F7 (Flyball, 7) | Bottom of the 4th over - 0 runs, 1 hit, 0 errors, 1 left on base; Buchanan HS 0 - Newport News HS 1 | TOP OF THE 5TH |
---|
Buchanan HS batting - Pitching for Newport News HS Paints : RHP Dave O'Higgins | Batting: LHB José Martínez | 0-0: Foul Ball, location: 2F 0-1: Ground out 6-3 (Groundball, 6) | Batting: RHB Tom Ross | 0-0: Called Strike 0-1: Ball 1-1: Ball 2-1: Foul Ball, location: 2F 2-2: Foul Ball, location: 2F 2-2: Foul Ball, location: 2F 2-2: Strikes out swinging | Batting: LHB David Guillén | 0-0: Ball 1-0: Ground out 6-3 (Groundball, 6) | Top of the 5th over - 0 runs, 0 hits, 0 errors, 0 left on base; Buchanan HS 0 - Newport News HS 1 | BOTTOM OF THE 5TH |
---|
Newport News HS Paints batting - Pitching for Buchanan HS : RHP Walt Wall | Batting: SHB Francisco Reyes | 0-0: Ground out 5-3 (Groundball, 56) | Batting: RHB John Graham | 0-0: Foul Ball, location: 2F 0-1: Called Strike 0-2: Ball 1-2: Ball 2-2: SINGLE (Groundball, 56D) | Batting: RHB James Calderón | 0-0: Ball 1-0: Ball 2-0: SINGLE (Line Drive, 7S) John Graham to second | Batting: RHB Steve Cooper | 0-0: Ball 1-0: Ball 2-0: Foul Ball, location: 2F 2-1: SINGLE (Line Drive, 34) John Graham to third James Calderón to second | Batting: RHB Pete Clark | 0-0: Ball 1-0: Foul Ball, location: 2F 1-1: Ball 2-1: Ball 3-1: Base on Balls John Graham scores James Calderón to third Steve Cooper to second | Batting: SHB Carlos Matos | 0-0: Swinging Strike 0-1: Ball Passed Ball! James Calderón scores Steve Cooper to third Pete Clark to second 1-1: Swinging Strike 1-2: Ball 2-2: Strikes out looking | Pitching: RHP Andy Russell | | Batting: LHB Juan Ángel | 0-0: Ball 1-0: Ball 2-0: Fly out, F7 (Flyball, 7LSF) | Bottom of the 5th over - 2 runs, 3 hits, 0 errors, 2 left on base; Buchanan HS 0 - Newport News HS 3 | TOP OF THE 6TH |
---|
Buchanan HS batting - Pitching for Newport News HS Paints : RHP Dave O'Higgins | Batting: RHB Len Valadez | 0-0: Called Strike 0-1: Ball 1-1: Foul Ball, location: 2F 1-2: SINGLE (Flyball, 34D) | Batting: RHB Richard Franco | 0-0: Ball 1-0: Ball 2-0: SINGLE (Line Drive, 8LS) Len Valadez to second Runner from 2nd tries for 3rd, SAFE, throw made to third | Batting: LHB Franklin Jackson | 0-0: Swinging Strike 0-1: Ground out 6-3 (Groundball, 6S) Len Valadez scores Richard Franco to second | Batting: RHB Anthony Moore | 0-0: Foul Ball, location: 2F 0-1: Foul Ball, location: 2F 0-2: Foul Ball, location: 2F 0-2: Foul Ball, location: 2F 0-2: Ground out 6-3 (Groundball, 6) Richard Franco to third | Batting: RHB William Pérez | 0-0: Ball 1-0: Foul Ball, location: 2F 1-1: Called Strike 1-2: SINGLE (Flyball, 7S) Richard Franco scores | Batting: LHB Edgar Cameron | 0-0: Called Strike 0-1: Ball 1-1: Ball 2-1: Fly out, F9 (Flyball, 9LS) | Top of the 6th over - 2 runs, 3 hits, 0 errors, 1 left on base; Buchanan HS 2 - Newport News HS 3 | BOTTOM OF THE 6TH |
---|
Newport News HS Paints batting - Pitching for Buchanan HS : RHP Andy Russell | Batting: RHB Lee Boswell | 0-0: Called Strike 0-1: Called Strike 0-2: Foul Ball, location: 2F 0-2: Fly out, F8 (Flyball, 8LS) | Batting: RHB Jorge Paredes | 0-0: Foul Ball, location: 2F 0-1: Ground out 3-1 (Groundball, 34) | Batting: SHB Francisco Reyes | 0-0: Called Strike 0-1: Foul Ball, location: 2F 0-2: Ground out 5-3 (Groundball, 56) | Bottom of the 6th over - 0 runs, 0 hits, 0 errors, 0 left on base; Buchanan HS 2 - Newport News HS 3 | TOP OF THE 7TH |
---|
Buchanan HS batting - Pitching for Newport News HS Paints : RHP Dave O'Higgins | Pitching: LHP Jerry Garrett | | Batting: LHB José Martínez | 0-0: Ball 1-0: Fly out, F7 (Flyball, 78M) | Batting: RHB Tom Ross | 0-0: Called Strike 0-1: SINGLE (Groundball, 56D) | Batting: LHB David Guillén | 0-0: Called Strike 0-1: Swinging Strike 0-2: Ball 1-2: Foul Ball, location: 2F 1-2: Foul Ball, location: 2F 1-2: Ball 2-2: Strikes out looking | Batting: RHB Len Valadez | 0-0: Swinging Strike 0-1: Ball 1-1: Ball 2-1: TRIPLE (Flyball, 8RXD) Tom Ross scores | Batting: RHB Richard Franco | 0-0: Called Strike 0-1: Ball 1-1: Ball 2-1: Ball 3-1: Called Strike 3-2: Base on Balls | Pinch Hitting: SHB Chad MacGregor | 0-0: Ball 1-0: Foul Ball, location: 2F 1-1: Ball 2-1: Foul Ball, location: 2F 2-2: Strikes out swinging | Top of the 7th over - 1 run, 2 hits, 0 errors, 2 left on base; Buchanan HS 3 - Newport News HS 3 | BOTTOM OF THE 7TH |
---|
Newport News HS Paints batting - Pitching for Buchanan HS : RHP Andy Russell | Now in LF: Jim Williams | | Batting: RHB John Graham | 0-0: Foul Ball, location: 2F 0-1: Ball 1-1: Called Strike 1-2: Foul Ball, location: 2F 1-2: Ball 2-2: Ball 3-2: Base on Balls | Batting: RHB James Calderón | | Pinch Hitting: LHB Chris Martin | 0-0: Ball 1-0: Ball 2-0: Foul Ball, location: 2F 2-1: Foul Ball, location: 2F 2-2: Foul Ball, location: 2F 2-2: Ball 3-2: 2-RUN HOME RUN (Flyball, 9LD), Distance : 368 ft | Batting: RHB Steve Cooper | 0-0: Foul Ball, location: 2F 0-1: Swinging Strike 0-2: Ball 1-2: Ball 2-2: Fly out, F8 (Line Drive, 8LD) | Batting: RHB Pete Clark | 0-0: Ball 1-0: Ball 2-0: Ball 3-0: Base on Balls | Batting: SHB Carlos Matos | 0-0: 2-RUN HOME RUN (Flyball, 9D), Distance : 428 ft | Pitching: RHP Kent Britt | | Batting: LHB Juan Ángel | 0-0: Ball 1-0: Fly out, F9 (Flyball, 9D) | Batting: RHB Lee Boswell | 0-0: Fly out, F9 (Flyball, 9D) | Bottom of the 7th over - 4 runs, 2 hits, 0 errors, 0 left on base; Buchanan HS 3 - Newport News HS 7 | TOP OF THE 8TH |
---|
Buchanan HS batting - Pitching for Newport News HS Paints : LHP Jerry Garrett | Now at 2B: Tommy Goodman | | Batting: RHB Anthony Moore | 0-0: Ground out 1-3 (Groundball, 13S) | Batting: RHB William Pérez | 0-0: Ball 1-0: Foul Ball, location: 2F 1-1: Foul Ball, location: 2F 1-2: Foul Ball, location: 2F 1-2: Foul Ball, location: 2F 1-2: Ball 2-2: Fly out, F3 (Popup, 3SF) | Batting: LHB Edgar Cameron | 0-0: Called Strike 0-1: DOUBLE (Flyball, 7LD) | Batting: LHB José Martínez | 0-0: Called Strike 0-1: Foul Ball, location: 2F 0-2: Ball 1-2: Foul Ball, location: 2F 1-2: Ground out 4-3 (Groundball, 4) | Top of the 8th over - 0 runs, 1 hit, 0 errors, 1 left on base; Buchanan HS 3 - Newport News HS 7 | BOTTOM OF THE 8TH |
---|
Newport News HS Paints batting - Pitching for Buchanan HS : RHP Kent Britt | Batting: RHB Jorge Paredes | 0-0: Ball 1-0: DOUBLE (Flyball, 7LD) | Batting: SHB Francisco Reyes | 0-0: Ball 1-0: SINGLE (Groundball, 56S) (infield hit) Jorge Paredes to third | Batting: RHB John Graham | 0-0: Foul Ball, location: 2F 0-1: Ball 1-1: Swinging Strike 1-2: Grounds into double play, 1-4-3 (Groundball, 15) | Batting: SHB Tommy Goodman | 0-0: Ball 1-0: Ball 2-0: Ball 3-0: Base on Balls | Batting: RHB Steve Cooper | 0-0: Fly out, F8 (Flyball, 8RM) | Bottom of the 8th over - 0 runs, 2 hits, 0 errors, 2 left on base; Buchanan HS 3 - Newport News HS 7 | TOP OF THE 9TH |
---|
Buchanan HS batting - Pitching for Newport News HS Paints : LHP Jerry Garrett | Batting: RHB Tom Ross | 0-0: Foul Ball, location: 2F 0-1: Ball 1-1: Fly out, F9 (Flyball, 9LSF) | Batting: LHB David Guillén | 0-0: Called Strike 0-1: Swinging Strike 0-2: Ball 1-2: Ball 2-2: Strikes out swinging | Batting: RHB Len Valadez | 0-0: Called Strike 0-1: Ball 1-1: Ball 2-1: Called Strike 2-2: Ball 3-2: Foul Ball, location: 2F 3-2: Base on Balls | Pitching: RHP Juan Flores | | Batting: RHB Richard Franco | 0-0: Called Strike 0-1: Foul Ball, location: 2F 0-2: Strikes out swinging | Top of the 9th over - 0 runs, 0 hits, 0 errors, 1 left on base; Buchanan HS 3 - Newport News HS 7 | |